[Event "AUT Bundesliga 2024-25"]
[Site "Austria"]
[Date "2025.04.02"]
[Round "6.15"]
[White "Markus, Robert"]
[Black "Blohberger, Felix"]
[Result "1/2-1/2"]
[Annotator "TA"]
[ECO "A22"]
[WhiteElo "2595"]
[BlackElo "2511"]
[PlyCount "94"]
[EventDate "2024.08.28"]
[EventType "team-tourn"]
[EventCountry "AUT"]
[SourceTitle "playchess.com"]
[Source "ChessBase"]
[SourceQuality "1"]
[TimeControl "40/5400+30:1800+30"]

1. c4 Nf6 2. Nc3 e5 3. e3 Bb4 4. Nge2 O-O 5. Ng3 Re8 6. Be2 {[%emt 0:03:52] A22: English Opening: 1...e5 2 Nc3 Nf6.} c6 7. O-O $146 (7. a3 Bxc3 8. bxc3 d5 9. cxd5 cxd5 10. O-O b6 11. a4 Ba6 12. Bb5 Bxb5 13. axb5 {½-½ Ivanisevic,I (2544)-Kollars,D (2641) EU-ch 24th Petrovac 2024 (4)}) 7... d5 8. d4 exd4 9. exd4 h6 10. Bf4 Bd6 11. Bxd6 Qxd6 12. Qb3 Re7 13. Rfe1 Be6 14. Bf1 h5 15. cxd5 cxd5 16. Nb5 Qd7 17. Qe3 {[%emt 0:02:39][%cal Og3f5] Nf5! would now be deadly.} (17. Qf3 $5) 17... Nc6 18. Qg5 a6 19. Nc3 Nxd4 20. Nxh5 Nxh5 {[%emt 0:00:52] Successful Defense Black} 21. Qxh5 g6 22. Qd1 Nc6 23. Qd2 Kg7 24. Rad1 d4 25. Qg5 f6 26. Qc5 ({Better is} 26. Qg3 $11) 26... Rd8 27. Na4 Bxa2 28. Rxe7+ Qxe7 (28... Nxe7 $17 29. Rd2 (29. Nb6 $2 Qd6 $17) 29... Nf5) 29. Qxe7+ $11 Nxe7 30. Nc5 {[%emt 0:00:03] Prevents Bb3.} Rd5 31. Nxb7 Bb3 32. Ra1 (32. Rd2 $1 $11 {was the only way to keep the balance.}) 32... d3 $17 33. Bxd3 ({Of course not} 33. Na5 Bc2 (33... d2 34. Nxb3 d1=Q 35. Rxd1 $19) 34. Nc4 d2 35. Nxd2 Rxd2) 33... Rxd3 34. Nc5 Rd1+ 35. Rxd1 Bxd1 36. Nxa6 Nd5 37. f3 g5 38. Kf2 Kf7 39. Nc5 Ke7 40. Kg3 Ne3 41. Kf2 Nc4 42. b4 Bc2 ({Black should try} 42... Kd6 $17 43. f4 gxf4) 43. Kg3 $11 {[%emt 0:06:40] The position is equal.} Nd6 44. f4 $1 Bd1 45. fxg5 fxg5 46. b5 Nxb5 {[%emt 0:05:09] ...Nd6 is the strong threat.} 47. Ne4 Nd6 {[%emt 0:00:07] White happily takes the draw.   Weighted Error Value: White=0.15 (very precise) /Black=0.14 (very precise)   Mistake:       	White=2     	Black=2      Inaccurate:     	White=3     	Black=2      OK:         	White=16    	Black=11     Best:        	White=3     	Black=1      Strong:       	White=1     	---} 1/2-1/2

[Event "AUT Bundesliga 2024-25"]
[Site "Austria"]
[Date "2025.04.02"]
[Round "6.16"]
[White "Peyrer, Konstantin"]
[Black "Korpa, Bence"]
[Result "1/2-1/2"]
[Annotator "TA"]
[ECO "A90"]
[WhiteElo "2451"]
[BlackElo "2543"]
[PlyCount "77"]
[EventDate "2024.08.28"]
[EventType "team-tourn"]
[EventCountry "AUT"]
[SourceTitle "playchess.com"]
[Source "ChessBase"]
[SourceQuality "1"]
[TimeControl "40/5400+30:1800+30"]

1. c4 f5 2. Nf3 Nf6 3. d4 e6 4. g3 Bb4+ 5. Bd2 Be7 6. Bg2 O-O 7. O-O d6 {[%emt 0:00:52][%cal Bd7d6,Bd6d5][%mdl 32] A90: Dutch Defence: Miscellaneous and Modern Stonewall (with ...Bd6).} 8. Nc3 Ne4 9. Nxe4 fxe4 10. Ne1 d5 11. Nc2 $146 (11. e3 Nd7 12. f3 Nb6 13. b3 exf3 14. Nxf3 dxc4 15. Qc2 cxb3 16. axb3 Nd7 17. b4 {½-½ Valeinis,J (2501)-Williamson,H (2491) Pinson Memorial GM email 2012}) 11... Nd7 12. Rc1 a5 13. b3 Nf6 14. f3 b6 15. Bg5 exf3 16. exf3 c5 17. f4 Bb7 18. dxc5 {[%emt 0:06:31] White is more active.} (18. Re1 $16) 18... Bxc5+ $11 19. Kh1 h6 20. Bh4 Qe7 21. cxd5 Rad8 22. Re1 {[%emt 0:02:59] [#]} (22. Bxf6 $11 Qxf6 23. Qe2 Bxd5 (23... exd5 24. a3 $11) 24. Bxd5 exd5 (24... Rxd5 25. Ne3 $17) 25. Qd3) 22... Rxd5 $1 $17 (22... Bxd5 23. Bxd5 Rxd5 24. Qxd5 exd5 25. Rxe7 Bxe7 26. Nd4 $11) 23. Bxf6 Qxf6 24. Qg4 {[%emt 0:01:52] [#]} Rfd8 $1 {[%emt 0:01:32][%cal Od8d6] Black plays in the center} 25. a3 (25. Rcd1 h5) 25... Qf7 {[%emt 0:01:46] Threatens to win with ...Rd2.} (25... Qe7 {simplifies} 26. Qxe6+ Qxe6 27. Rxe6 Rd1+) 26. b4 $2 (26. Qxe6 $17 Qxe6 27. Rxe6) 26... Rd2 $19 27. Be4 axb4 28. axb4 Bf2 {[%emt 0:00:07] This pair of bishops is nice.} 29. Re2 h5 30. Qf3 {[%emt 0:00:12] [#]} Rxe2 (30... Bxe4 $1 $19 31. Rxe4 R8d3) 31. Qxe2 $15 Rd2 32. Qf3 Bxe4 33. Qxe4 {[%emt 0:00:05][%cal Oc2d4] Strongly threatening Nd4!.} Qf5 34. Qxf5 exf5 35. Na3 ({Don't go for} 35. Kg2 $2 Bd4+ 36. Kh3 Bb2 $19) 35... h4 36. Nc4 Ra2 37. gxh4 Kf7 (37... Bxh4 38. Nxb6 Rb2 39. Nd5) 38. h5 Ke6 {[%emt 0:00:06] [#]} (38... Re2 $11) 39. Nxb6 $1 {[%emt 0:02:13] Whites escaped into a draw.   Weighted Error Value: White=0.27 (precise) /Black=0.20 (precise)   Loses game:     	White=1     	---        Mistake:       	White=2     	Black=1      Inaccurate:     	---       	Black=2      OK:         	White=10    	Black=7      Best:        	White=3     	Black=1      Strong:       	---       	Black=1      Brilliant:      	White=1     	---} 1/2-1/2

[Event "AUT Bundesliga 2024-25"]
[Site "Austria"]
[Date "2025.04.02"]
[Round "6.17"]
[White "Subelj, Jan"]
[Black "Froewis, Georg"]
[Result "1-0"]
[Annotator "TA"]
[ECO "A09"]
[WhiteElo "2528"]
[BlackElo "2429"]
[PlyCount "91"]
[EventDate "2024.08.28"]
[EventType "team-tourn"]
[EventCountry "AUT"]
[SourceTitle "playchess.com"]
[Source "ChessBase"]
[SourceQuality "1"]
[TimeControl "40/5400+30:1800+30"]

1. c4 e6 2. g3 d5 3. Bg2 Nf6 4. Nf3 d4 5. d3 Nc6 6. O-O e5 7. b4 Bxb4 {[%emt 0:03:53] [#]} 8. Nxe5 $1 {[%emt 0:00:56] A09: Réti Opening: 1 Nf3 d5 2 c4.} Nxe5 9. Qa4+ Nc6 {[%emt 0:00:12] White now steadily converts the win.} 10. Bxc6+ {[%emt 0:00:15] White is better.} bxc6 11. Qxb4 Qd6 12. Ba3 Qxb4 13. Bxb4 Bh3 14. Re1 O-O-O (14... Nd7 $16) 15. Bc5 $146 (15. Nd2 Rhe8 16. Nb3 Nd7 17. Ba3 c5 18. Bxc5 Nxc5 19. Nxc5 Re5 20. Nb3 g5 21. f3 {1-0 Sahakyan,A (2343)-Shvedova,A (2083) EU-ch 23rd Vrnjacka Banja 2023 (10)}) 15... Rhe8 16. Nd2 $1 (16. Bxa7 Kb7 17. Bc5 Re5 $17) 16... Re5 {[%emt 0:00:28] [#]} (16... a6 $16 17. Nb3 Nd7 18. Bxd4 g5) 17. Bxd4 $1 Rxe2 ({Much weaker is} 17... Rxd4 18. Nf3 $18) (17... Re6 18. Bxf6) 18. Rxe2 Rxd4 19. Re3 Bf5 20. Nf3 Rd6 21. Ne5 Be6 22. Rb1 a6 {[%emt 0:06:09] [#]} 23. d4 $1 Rxd4 24. Nxc6 Rd6 25. Rb8+ Kd7 26. Ne5+ Ke7 27. Kg2 Nd7 28. Rh8 Nxe5 29. Rxe5 {[%emt 0:00:05][%mdl 4096] Endgame KRR-KRB} Rd2 30. Rxh7 Kf6 31. Rc5 Rxa2 32. Rh4 a5 33. Rxc7 a4 34. Rf4+ Ke5 35. Ra7 a3 36. Rf3 Bxc4 37. Raxa3 Rb2 38. Ra7 f5 39. Rxg7 Bd5 40. Re7+ Kf6 41. Ree3 Kg5 42. Re5 Be4 (42... Bxf3+ 43. Kxf3 Kf6) 43. h4+ {[%emt 0:00:29] White is clearly winning.} Kg6 44. Re6+ Kh5 {[%emt 0:00:15] [#]} 45. Rxe4 $1 fxe4 46. Re3 {[%emt 0:00:13] Weighted Error Value: White=0.08 (flawless) /Black=0.34  Mistake:       	---       	Black=3      Inaccurate:     	White=1     	Black=2      OK:         	White=20    	Black=12     Best:        	White=3     	Black=1      Strong:       	White=1     	---        Brilliant:      	White=1     	---} 1-0

[Event "AUT Bundesliga 2024-25"]
[Site "Austria"]
[Date "2025.04.02"]
[Round "6.18"]
[White "Balint, Peter"]
[Black "Gschnitzer, Adrian"]
[Result "0-1"]
[Annotator "RC"]
[ECO "B90"]
[WhiteElo "2366"]
[BlackElo "2430"]
[PlyCount "76"]
[EventDate "2024.08.28"]
[EventType "team-tourn"]
[EventCountry "AUT"]
[SourceTitle "playchess.com"]
[Source "ChessBase"]
[SourceQuality "1"]
[TimeControl "40/5400+30:1800+30"]

1. e4 c5 2. Nf3 d6 3. d4 cxd4 4. Nxd4 Nf6 5. Nc3 a6 6. f3 e5 7. Nb3 Be7 8. Be3 Be6 9. Qd2 h5 10. Be2 Nbd7 11. Nd5 Bxd5 12. exd5 Qc7 13. Rc1 O-O 14. O-O a5 15. c4 h4 16. Rfd1 a4 17. Na1 Nc5 18. Nc2 Nh5 19. Na3 Bd8 20. Bf1 Qe7 21. Rb1 Bb6 22. Nb5 f5 23. b4 axb3 24. axb3 f4 25. Bf2 e4 26. Bd4 Ng3 27. Qc2 Nf5 28. b4 Nxd4 29. Rxd4 Nd3 30. Bxd3 exd3 31. Qxd3 Ra2 32. c5 Qg5 33. Qf1 dxc5 34. Rdd1 h3 35. d6 c4+ 36. Nd4 Qd5 37. gxh3 Bxd4+ 38. Kh1 b5 0-1

[Event "AUT Bundesliga 2024-25"]
[Site "Austria"]
[Date "2025.04.02"]
[Round "6.19"]
[White "Mons, Leon"]
[Black "Vachier-Lagrave, Maxime"]
[Result "0-1"]
[Annotator "TA"]
[ECO "B21"]
[WhiteElo "2479"]
[BlackElo "2722"]
[PlyCount "74"]
[EventDate "2024.08.28"]
[EventType "team-tourn"]
[EventCountry "AUT"]
[SourceTitle "playchess.com"]
[Source "ChessBase"]
[SourceQuality "1"]
[TimeControl "40/5400+30:1800+30"]

1. e4 c5 2. d4 cxd4 3. Qxd4 Nc6 4. Qd3 g6 5. Nf3 Bg7 6. Be2 {[%emt 0:00:21] B21: Sicilian: 2 f4 and Morra Gambit.} Nf6 7. Nc3 O-O 8. O-O {[%emt 0:00:16] The position is equal.} d6 9. Nd5 Bg4 10. c3 Nd7 11. Bg5 h6 12. Bh4 g5 13. Bg3 Nc5 14. Qc2 f5 15. exf5 Bxf5 16. Qd1 Kh8 17. Re1 $146 (17. h4 Ne4 18. hxg5 hxg5 19. Bd3 e6 20. Bxe4 Bxe4 21. Ne3 Bxf3 22. gxf3 d5 23. Kg2 {½-½ Shimanov,A (2593)-Zhu,J (2514) Chessable Masters Play In blitz 2025 (6)}) 17... e5 18. Nd2 Qd7 19. b4 Ne6 20. Nc4 Nf4 21. Bxf4 (21. b5 $16 Nd8 22. Bxf4 gxf4 23. b6) 21... exf4 $11 22. Bd3 Bxd3 23. Qxd3 b5 24. Na3 Rab8 25. f3 (25. Nxb5 Ne5 26. Rxe5 dxe5 $19) 25... Ne5 26. Qd2 (26. Qf1 $15) 26... Rbe8 ({Black should play} 26... g4 $17 27. Rf1 gxf3 28. gxf3 Rf5) 27. Re4 $15 g4 (27... a6 {seems wilder.} 28. Rf1 g4 29. Nxf4 gxf3 30. Rxe5 Bxe5 31. Ng6+ Kg7) 28. Rxf4 gxf3 29. Rf1 Rxf4 30. Nxf4 Qc6 31. Nh5 Re6 32. Nxg7 {[%emt 0:01:39] [#]} (32. Qe3 $15) 32... Kxg7 $2 (32... fxg2 $1 $19 33. Rf8+ (33. Nxe6 $2 {is the wrong capture.} gxf1=Q+ 34. Kxf1 Qh1+ 35. Ke2 Qf3+ 36. Ke1 Nd3+ $19) (33. Qxg2 $2 Rg6 $19) 33... Kxg7) 33. g3 $2 (33. Rf2 $11 {and White has nothing to worry.}) 33... Rf6 $19 34. Nc2 Ng4 {[%emt 0:02:30] White must now prevent ...f2+.} 35. Rf2 Qe4 {[%emt 0:02:45] Dodges Ne3} 36. h3 {[%emt 0:01:20] White is weak on the light squares} Nxf2 37. Kxf2 (37. Qxf2 $142 a6 38. g4) 37... Qe6 {[%emt 0:00:59] Weighted Error Value: White=0.50/Black=0.19 (very precise)   Loses game:     	White=1     	---        Missed win:     	---       	Black=1      Mistake:       	White=4     	Black=1      Inaccurate:     	White=5     	Black=4      OK:         	White=7     	Black=13     Best:        	White=2     	Black=1} 0-1

[Event "AUT Bundesliga 2024-25"]
[Site "Austria"]
[Date "2025.04.02"]
[Round "6.20"]
[White "Sarana, Alexey"]
[Black "Koelle, Tobias"]
[Result "1-0"]
[Annotator "TA"]
[ECO "E53"]
[WhiteElo "2672"]
[BlackElo "2459"]
[PlyCount "121"]
[EventDate "2024.08.28"]
[EventType "team-tourn"]
[EventCountry "AUT"]
[SourceTitle "playchess.com"]
[Source "ChessBase"]
[SourceQuality "1"]
[TimeControl "40/5400+30:1800+30"]

1. d4 Nf6 2. c4 e6 3. Nc3 Bb4 4. e3 O-O 5. Bd3 d5 6. a3 Bxc3+ 7. bxc3 dxc4 8. Bxc4 c5 9. Nf3 Qc7 10. Be2 b6 {[%emt 0:00:05] E53: Nimzo-Indian: Rubinstein: Main Line (4...0-0 5 Nf3 d5 6 Bd3 c5 7 0-0).} 11. O-O cxd4 12. cxd4 Ba6 {[%emt 0:00:02] The position is equal.} 13. Bb2 Bxe2 14. Qxe2 Qb7 15. Rfe1 Nbd7 16. e4 b5 17. Rab1 $146 (17. Nd2 a6 18. Nf1 Ne8 19. d5 exd5 20. exd5 Nb6 21. Ne3 f5 22. Rad1 {1-0 Koustav,C (2525)-Gedajlovic,M (2386) Budapest SixDays 07 GM-B 2024 (6)}) 17... Rac8 18. Bc1 a6 19. a4 Rfe8 (19... b4 $11) 20. axb5 $16 axb5 21. Bd2 (21. Rxb5 $6 Qxe4 22. Qf1 Qc2 $15) (21. Qxb5 Qxb5 22. Rxb5 Nxe4) 21... Qc6 22. Qxb5 (22. Rxb5 Nxe4 23. Ra5 Nef6 $16) 22... Qxb5 23. Rxb5 Rb8 {[%emt 0:00:16] Black is weak on the dark squares} 24. Ra5 {[%emt 0:00:00] White is more active.} Ra8 25. h3 Rxa5 26. Bxa5 Ra8 27. Bc7 h6 28. g4 (28. Kf1 $16) 28... Rc8 29. Bd6 Nb6 30. Be5 Nbd7 31. Bg3 Rc3 32. Kg2 Rd3 33. Bd6 Nf8 (33... g5 $14) 34. Be7 Ng6 {[%emt 0:04:46] [#]} 35. Bxf6 gxf6 {[%emt 0:00:06][%mdl 4096] Endgame KRN-KRN. White is a pawn up.} 36. Re3 Nf4+ 37. Kg3 Rxe3 38. fxe3 {[%emt 0:00:00] KN-KN. White is a pawn up.} Ne2+ 39. Kf2 Nc3 40. e5 Kg7 41. exf6+ Kxf6 42. Ne5 Kg7 43. Kf3 Nb5 44. Kf4 f6 45. Nd3 h5 $2 {[%emt 0:00:00][%mdl 8192] A mistake that costs the game.} 46. gxh5 $18 Kh6 47. Kg4 {[%emt 0:00:00] [#]} Nc3 $2 (47... Nd6 48. Nf4 e5 49. dxe5 fxe5) 48. Nf4 e5 49. Ng2 Nd5 50. e4 Nc3 51. d5 ({Not} 51. dxe5 fxe5 52. Kf5 Kxh5 $18) 51... Nxe4 52. Kf5 Nc5 53. Kxf6 e4 54. Ke5 {[%emt 0:00:38] aiming for Kd4.} Kxh5 55. Kd4 Nd7 56. Kxe4 Kg5 57. d6 Kf6 58. Kd5 Ne5 59. Ne3 {[%emt 0:00:23] Ng4+ would kill now.} Nf7 60. Ng4+ Kf5 61. d7 {[%emt 0:00:13] Weighted Error Value: White=0.06 (flawless) /Black=0.78  Loses game:     	---       	Black=1      Mistake:       	White=1     	Black=3      Inaccurate:     	White=2     	Black=4      OK:         	White=18    	Black=12     Best:        	White=2     	Black=1} 1-0

[Event "AUT Bundesliga 2024-25"]
[Site "Austria"]
[Date "2025.04.02"]
[Round "6.21"]
[White "Deuer, Marius"]
[Black "Esipenko, Andrey"]
[Result "0-1"]
[Annotator "TA"]
[ECO "D40"]
[WhiteElo "2464"]
[BlackElo "2696"]
[PlyCount "114"]
[EventDate "2024.08.28"]
[EventType "team-tourn"]
[EventCountry "AUT"]
[SourceTitle "playchess.com"]
[Source "ChessBase"]
[SourceQuality "1"]
[TimeControl "40/5400+30:1800+30"]

1. d4 Nf6 2. c4 e6 3. Nc3 Bb4 4. e3 O-O 5. Bd3 d5 6. Nf3 dxc4 7. Bxc4 c5 8. O-O Nc6 9. dxc5 Bxc5 10. a3 Bd6 {[%emt 0:03:59] D40: Queen's Gambit Declined: Semi-Tarrasch with 5 e3.} 11. Qe2 a6 12. Bd3 Ne5 {[%emt 0:01:14] The position is equal.} 13. Nxe5 Bxe5 14. Bd2 $146 (14. f4 Bxc3 15. bxc3 Bd7 16. c4 Bc6 17. Qc2 {1-0 Ollek,K-Hoeppenstein,M DESC M2015 Rd.1 Gr.01 email}) 14... Bd7 15. f4 Bd6 16. e4 e5 17. f5 Bc5+ 18. Kh1 h6 19. Be1 Bc6 20. Bh4 Bd4 21. Nd5 Bxd5 22. exd5 Qd6 23. Bxf6 Qxf6 24. Be4 Rac8 25. Rac1 {[%emt 0:01:59] White is weak on the dark squares} Rfd8 26. a4 Rxc1 27. Rxc1 Qb6 28. Qc2 Qf6 (28... Qxb2 29. Qxb2 Bxb2 30. Rb1 $16) (28... Bxb2 {seems wilder.} 29. Qc7 Qxc7 30. Rxc7 b5) 29. b3 h5 30. g3 h4 31. gxh4 (31. Qd2 $11 {keeps the balance.}) 31... Qxh4 $17 32. Qg2 Be3 33. Rf1 Rd6 34. Bc2 Bf4 35. h3 Kf8 36. Bd3 ({Better is} 36. Qg4 $15 Qxg4 37. hxg4) 36... Rb6 $36 {[%emt 0:01:52][%csl Of4][%mdl 2048] Strong Square Black (f4) Black is really pushing.} 37. Bc2 Rd6 38. Bd3 $1 Ke7 39. Bc2 Rd8 40. Bd3 Kd6 41. Rf2 {[%emt 0:08:48] [#]} (41. Be2 $17) 41... Rc8 $1 $19 42. Bc4 Rc5 43. Rf3 e4 44. Rxf4 (44. Qf2 $17 Qxf2 (44... exf3 $2 45. Qxh4 Rxc4 46. bxc4 $18) 45. Rxf2) 44... Qxf4 45. Qxg7 $17 {[%emt 0:00:05][%mdl 4096] Endgame KQR-KQB} Qh4 (45... Qxf5 46. Qf8+ Kd7 47. Qxc5 $11) (45... Qf3+ $19 {and Black stays clearly on top.} 46. Kh2 Qf4+ (46... Qxf5 47. Qf8+ Kd7 48. Qxc5 $11) (46... Qf2+ $2 47. Kh1 $19) 47. Kh1 Rc7 48. Qf6+ Kc5) 46. Qxf7 Qxh3+ 47. Kg1 Qg3+ 48. Kf1 {[%emt 0:02:21] [#]} Rc7 $1 {[%emt 0:00:26] Chess con chili.} ({Don't play} 48... Qf3+ $6 49. Ke1 Qe3+ 50. Kd1 $11) 49. Qe6+ Kc5 {[%emt 0:00:03] ( -> ...Qf3+) Black has more active pieces.} 50. d6 $2 {[%emt 0:00:20][%mdl 8192] [#]} (50. Qxe4 $17 Rh7 51. b4+ (51. f6 $2 Rh4 $19) 51... Kxb4 52. Bd3+ (52. Bxa6+ Ka5 $17) 52... Kc5 53. f6) 50... e3 $1 51. Qd5+ (51. Ke2 Qf2+) 51... Kb4 52. Ke2 Rd7 (52... Rh7 $142 53. Qf3 Rh2+ (53... Qxd6 $2 54. Qxe3 Rh5 55. Bd3 $19) 54. Kxe3 Qe5+ (54... Qxd6 $2 55. Qf4 $19) 55. Kd3 Qc3+ (55... Qxd6+ $2 56. Bd5 $19) 56. Ke4 Rh4+ 57. Kd5 Qxf3+ 58. Ke6 Rh6+ 59. Ke7 Qxf5 60. Bg8 Rg6 61. Bf7 Rg7 62. Kd8 Qxf7 63. Kc8 Rg8#) 53. Qd4 (53. Qf3 $142 Qxd6 54. Qxe3 Qd1+ 55. Kf2 Qc2+ 56. Kg3 Qxf5 57. Qe1+ Kc5 58. Qe3+ Rd4 59. Be2) 53... Qf2+ $19 (53... Qxd6 54. Qxd6+ Rxd6 55. Kxe3 $17) 54. Kd3 Qxf5+ (54... Qd2+ 55. Ke4 Qxd4+ (55... Rxd6 56. Qxe3 Qh2 57. Qe1+ Kc5 58. Qe3+ Kc6 59. a5 $17) 56. Kxd4 $15) 55. Kxe3 Qc5 56. Qxc5+ Kxc5 57. Kd3 Kb4 {[%emt 0:00:06] Weighted Error Value: White=0.43/Black=0.46  Loses game:     	White=2     	---        Missed win:     	---       	Black=1      Mistake:       	White=3     	---        Inaccurate:     	White=2     	Black=2      OK:         	White=13    	Black=14     Best:        	White=5     	Black=2      Strong:       	White=1     	Black=1} 0-1

[Event "AUT Bundesliga 2024-25"]
[Site "Austria"]
[Date "2025.04.02"]
[Round "6.22"]
[White "Rodshtein, Maxim"]
[Black "Rosner, Jonas"]
[Result "1/2-1/2"]
[Annotator "TA"]
[ECO "D02"]
[WhiteElo "2647"]
[BlackElo "2430"]
[PlyCount "62"]
[EventDate "2024.08.28"]
[EventType "team-tourn"]
[EventCountry "AUT"]
[SourceTitle "playchess.com"]
[Source "ChessBase"]
[SourceQuality "1"]
[TimeControl "40/5400+30:1800+30"]

1. Nf3 d5 2. g3 g6 3. Bg2 Bg7 4. d4 c6 5. O-O Nf6 6. Bf4 O-O 7. Qc1 Re8 {[%emt 0:00:00] is the legacy move (7...Bf5).} 8. c4 {[%emt 0:00:00] D02: 1 d4 d5 2 Nf3 sidelines, including 2...Nf6 3 g3 and 2...Nf6 3 Bf4.} Bf5 9. Nbd2 Nbd7 10. Rd1 {[%emt 0:00:00] The position is equal.} Ne4 11. Nf1 $146 (11. Nh4 Nxd2 12. Qxd2 Be6 13. cxd5 cxd5 14. Nf3 Qb6 15. Ng5 Rac8 16. Rac1 Nf6 17. Nxe6 Qxe6 {½-½ Gutman,L (2258)-Tschernatsch,J (2329) Leer op 2024 (5)}) 11... Qb6 12. Ne3 Be6 13. Qc2 f6 (13... Rac8 $11) 14. Rac1 $14 Bf7 15. cxd5 cxd5 16. Qa4 (16. Nd2 $16) 16... e5 $11 17. Qxd7 {[%emt 0:00:00][%cal Oc1c7] [#] Rc7! is the strong threat.} Rad8 18. Qc7 exf4 19. Qxb6 axb6 20. gxf4 Bh6 21. Ng4 Bxf4 {[%emt 0:00:00][%cal Oh7h5] [#] Strongly threatening ...h5!.} 22. e3 Bd6 23. Nh6+ Kg7 24. Nxf7 Kxf7 25. Ne1 f5 26. Nd3 Rc8 27. a4 {[%emt 0:00:00] White is weak on the dark squares} Ke6 28. h3 g5 29. f3 (29. Rxc8 $11 Rxc8 30. Bf3) 29... Nf6 30. Kf2 h5 31. Ke2 Rg8 {[%emt 0:00:10] Weighted Error Value: White=0.14 (very precise) /Black=0.11 (very precise)   Mistake:       	White=2     	Black=2      Inaccurate:     	White=2     	Black=3      OK:         	White=9     	Black=7      Best:        	White=2     	Black=1} ({Black should try} 31... Ra8 $15) 1/2-1/2

[Event "AUT Bundesliga 2024-25"]
[Site "Austria"]
[Date "2025.04.02"]
[Round "6.23"]
[White "Hacker, Jonas"]
[Black "Shimanov, Aleksandr"]
[Result "1/2-1/2"]
[Annotator "TA"]
[ECO "D37"]
[WhiteElo "2370"]
[BlackElo "2578"]
[PlyCount "76"]
[EventDate "2024.08.28"]
[EventType "team-tourn"]
[EventCountry "AUT"]
[SourceTitle "playchess.com"]
[Source "ChessBase"]
[SourceQuality "1"]
[TimeControl "40/5400+30:1800+30"]

1. d4 d5 2. c4 e6 3. Nf3 Nf6 4. Nc3 Nbd7 5. Bf4 Bb4 6. cxd5 {[%emt 0:06:45] D37: Queen's Gambit Declined: 5 Bf4.} Nxd5 7. Bd2 N5f6 8. a3 {[%emt 0:10:32] White has an edge.} Bxc3 9. Bxc3 b6 10. e3 Bb7 11. Be2 Ne4 12. Rc1 O-O 13. O-O Qe7 $146 (13... c5 14. dxc5 Nxc3 15. Rxc3 Nxc5 16. b4 Ne4 17. Rc4 Rc8 18. Qxd8 Rfxd8 19. Rfc1 Rxc4 20. Rxc4 {½-½ Galaktionov,A (2338)-Sarana,A (2703) Titled Tuesday intern op 16th Apr Late blitz 2024 (7)}) 14. Bb4 c5 15. dxc5 Ndxc5 16. Qc2 Rac8 17. Rfd1 Qf6 18. Be1 Ng5 19. Nxg5 Qxg5 {[%emt 0:00:13][%csl Gb7][%cal Rg5g2] [#]} 20. Bf1 Bf3 21. Rd4 e5 22. Rc4 Bd5 23. Rc3 Be4 24. Qe2 Rcd8 25. b4 $36 {[%emt 0:04:27][%mdl 2048] White has good play.} Nd3 26. Rd1 Nxe1 (26... Nxf2 $2 27. Bxf2 Rxd1 28. Qxd1 $18) 27. Qxe1 h5 {[%emt 0:01:12][%cal Bh7h5,Bh5h4][%mdl 32] Counterplay White} 28. Rc7 $1 h4 {[%emt 0:00:52][%cal Oe4g2] Strongly threatening ...Bxg2!.} 29. h3 (29. Rxa7 $2 Bxg2 30. f4 (30. Bxg2 $2 h3 $19) 30... Qg4 $19 (30... exf4 $2 31. Bxg2 f3 32. Rd2 $19)) 29... Bf3 30. Rdd7 Rxd7 31. Rxd7 Rc8 32. Kh2 (32. Rxa7 Rd8 33. Qb1 e4 $19 (33... Rd1 34. Ra8+ Bxa8 35. Qxd1 $18)) (32. b5 $16) 32... Rc6 $11 33. Qd2 (33. gxf3 Rg6) 33... Rg6 34. Rd6 {[%emt 0:02:31] And now Rxg6 would win.} f6 {[%emt 0:00:28] [#]} 35. e4 Qxg2+ {[%emt 0:04:33] The position is equal.} 36. Bxg2 Rxg2+ 37. Kh1 Rg3+ (37... Bxe4 $2 {loses.} 38. Rd8+ Kf7 39. Qe2 $18 (39. Qd7+ Kg6 $11)) ({Don't play} 37... Rxf2+ $6 38. Kg1 Rxd2 39. Rxd2 Bxe4 40. Rd7 $14) 38. Kh2 Rg2+ {[%emt 0:00:04] Weighted Error Value: White=0.09 (flawless) /Black=0.09 (flawless)   Mistake:       	White=2     	Black=1      Inaccurate:     	---       	Black=2      OK:         	White=15    	Black=12     Best:        	White=1     	Black=4      Strong:       	White=1     	---} 1/2-1/2